 Dungeon Crawl Stone Soup version 0.18-a0-1229-ge9a1a01 (webtiles) character file.

158 motkuuri the Skirmisher (level 5, -1/35 HPs)
             Began as a Gargoyle Fighter on Feb 4, 2016.
             Killed from afar by an orc wizard (6 damage)
             ... with a puff of frost
             ... on level 3 of the Dungeon.
             The game lasted 00:05:11 (1810 turns).

motkuuri the Skirmisher (Gargoyle Fighter)          Turns: 1810, Time: 00:05:11

Health: -1/35      AC: 15    Str: 19    XL:     5   Next: 40%
Magic:  5/5        EV: 12    Int: 10    God:
Gold:   154        SH:  9    Dex: 14    Spells: 0 memorised, 4 levels left

rFire  . . .     SeeInvis .     a - +0 flail
rCold  . . .     Gourm    .     b - +0 scale mail
rNeg   + . .     Faith    .     c - +0 shield
rPois  ∞         Spirit   .     o - +0 helmet
rElec  +         Dismiss  .     (no cloak)
rCorr  .         Reflect  .     (no gloves)
SustAt .         Harm     .     h - +2 pair of boots
MR     .....                    (no amulet)
Stlth  +.........               (no ring)
                                (no ring)

@: agile, hasted, very quick, not resistant to hostile enchantments, very
unstealthy
A: negative energy resistance 1, electricity resistance, unbreathing,
petrification resistance, rot immunity, AC +4
a: no special abilities


You were on level 3 of the Dungeon.
You were not hungry.

You visited 1 branch of the dungeon, and saw 3 of its levels.

You collected 154 gold pieces.

Inventory:

Hand Weapons
 a - a +0 flail (weapon)
 m - a +1 dagger of venom
Armour
 b - a +0 scale mail (worn)
 c - a +0 shield (worn)
 h - a +2 pair of boots (worn)
 o - a +0 helmet (worn)
Wands
 z - a wand of flame (16/48)
Scrolls
 e - a scroll of teleportation {unknown}
 i - a scroll of remove curse
 j - a scroll of recharging {unknown}
 l - a scroll of magic mapping
 n - a scroll of fear {unknown}
 p - 3 scrolls of blinking {unknown}
 q - a scroll of immolation {unknown}
 y - a scroll of enchant armour {unknown}
 A - a scroll of identify {unknown}
Potions
 d - a potion of might
 k - 2 potions of heal wounds {unknown}
 r - a potion of brilliance {unknown}
 t - a potion of cure mutation {unknown}
 u - a potion of haste
 v - 2 potions of curing {unknown}
 w - a potion of resistance {unknown}
 x - a potion of lignification {unknown}
Comestibles
 f - 3 bread rations
 g - 4 fruits
 B - a meat ration


   Skills:
 + Level 5.0 Fighting
 + Level 4.0 Maces & Flails
 - Level 3.2 Armour
 - Level 3.2 Shields
 + Level 0.5 Evocations


You had 4 spell levels left.
You didn't know any spells.

Dungeon Overview and Level Annotations

Branches:
Dungeon (3/15)

Altars:
Yredelemnul


Innate Abilities, Weirdness & Mutations

You are resistant to torment.
Your stone body is resilient (AC +4).
You are immune to poison.
You resist negative energy.
You are resistant to electric shocks.
You can survive without breathing.
You are immune to petrification.
You are immune to rotting.


Message History

Read which item? (? for menu, Esc to quit)
As you read the scroll labeled LEGEDO ANINA, it crumbles to dust.
You feel blessed for a moment.
It was a scroll of remove curse.
Something hits you but does no damage. You block the orc's attack.
The orc misses you.
Read which item? (? for menu, Esc to quit)
As you read the scroll labeled IMAILLA LID EMOYH, it crumbles to dust.
You feel aware of your surroundings.
It was a scroll of magic mapping.
Something hits you but does no damage. The orc hits you but does no damage.
You hear some strange, mumbled words.
A puff of flame appears from out of thin air!
The puff of flame hits you!
* * * LOW HITPOINT WARNING * * *
You block the orc's attack.
Drink which item? (? for menu, Esc to quit)
It was a potion of haste.
You feel yourself speed up.
You hear some strange, mumbled words.
A puff of frost appears from out of thin air!
The puff of frost hits you!
You die...

##.....#.....###...
##.............##...
#...............#...
#...............##..
#...................
#/..................
#...................
#...................
##{@................
#oo................
*#o#####.#..........
#...,,,#....#.......
#...,,,##...........
#..,,,,*##..........
#..,,,,**###..#.#>.#
#..,,,,,,,,#....#...
*,,,,,,***,..#..###.


You could see 3 orcs.

Vanquished Creatures
  The ghost of ololoev the Firebug, a weakling DEFE (D:3)
  Terence (D:2)
  4 adders (D:2)
  An ooze (D:3)
  A worm (D:2)
  2 giant geckos (D:1)
  An orc (D:3)
  6 giant cockroaches
  5 goblins
  3 hobgoblins
  6 jackals
  5 kobolds
  A quokka (D:3)
  7 bats
  5 giant newts
  7 rats
56 creatures vanquished.

Notes
Turn   | Place    | Note
--------------------------------------------------------------
     0 | D:1      | motkuuri the Gargoyle Fighter began the quest for the Orb.
     0 | D:1      | Reached XP level 1. HP: 14/14 MP: 1/1
   128 | D:1      | Reached XP level 2. HP: 19/19 MP: 2/2
   657 | D:1      | Reached XP level 3. HP: 24/24 MP: 3/3
   841 | D:2      | Found a basalt altar of Yredelemnul.
   849 | D:2      | Noticed Terence
   858 | D:2      | Killed Terence
   858 | D:2      | Reached skill level 4 in Fighting
   884 | D:2      | Reached XP level 4. HP: 23/30 MP: 4/4
  1601 | D:3      | Reached XP level 5. HP: 34/34 MP: 5/5
  1633 | D:3      | Noticed ololoev's ghost (weakling DEFE)
  1703 | D:3      | Killed ololoev's ghost
  1703 | D:3      | Reached skill level 5 in Fighting
  1810 | D:3      | Killed from afar by an orc wizard

Vault maps used:
D:1:      dpeg_arrival_orchard, minivault_27
D:2:      old_standard_altar, first_bread, uniq_terence

Action                   |  1- 3 |  4- 6 || total
-------------------------+-------+-------++-------
Melee: Flail             |    36 |    23 ||    59
       Dagger            |    41 |    83 ||   124
  Use: Scroll            |       |     2 ||     2
       Potion            |       |     2 ||     2
  Eat: Chunk             |       |     3 ||     3
